AoeStats
← FreezeFrost

Arena

508214769Analyzed
2v2 RM · 11d ago on Sep 21, 2026· 43m 16s· 4 players
Game mode
Random Map
Map size
Medium (4 player)
Population
200
Speed
Normal
Resources
Standard
Victory
Conquest
Starting age
Dark Age
Ending age
Imperial Age
RankedLock teamsTeams togetherTeam positionsShared explorationLock speedFull tech treeHidden civsTurbo modeCheats
Victory
Defeat
🇩🇪 Persians · Germany
947
+15
🇩🇪 Turks · Germany
946
+15
🇨🇳 Khitans · China
928
-15
🇪🇸 Britons · Spain
913
-42
Rubio
5:03 Loom
9:39 Feudal Age
11:03 Wheelbarrow
10:28 Double-Bit Axe
12:54 Horse Collar
17:33 Gold Mining
20:28 Castle Age
19:23 Padded Archer Armor
19:15 Fletching
19:51 Stone Mining
21:31 Bow Saw
22:02 Leather Archer Armor
21:42 Bodkin Arrow
21:15 Crossbowman
24:10 Bodkin Arrow
25:39 Gold Shaft Mining
26:44 Fortified Wall
29:46 Hand Cart
33:19 Imperial Age
34:19 Yeomen
34:23 Conscription
35:38 Chemistry
35:48 Murder Holes
37:54 Arbalester
42:43 Ring Archer Armor
42:14 Bracer
OK,OK
0:46 Loom
11:08 Feudal Age
11:42 Double-Bit Axe
11:41 Domestication
18:22 Castle Age
17:26 Stone Mining
18:16 Forging
19:32 Bow Saw
19:27 Light Cavalry
21:55 Pastoralism
24:47 Iron Casting
25:21 Gold Mining
29:35 Imperial Age
32:44 Elite Skirmisher
33:16 Hussar
38:56 Wheelbarrow
43:22 Scale Barding Armor
FreezeFrost
10:46 Feudal Age
13:11 Loom
15:57 Castle Age
15:18 Horse Collar
15:27 Double-Bit Axe
22:30 Imperial Age
25:59 Fletching
29:53 Bodkin Arrow
30:09 Forging
32:46 Heavy Plow
33:22 Iron Casting
42:23 Elite Janissary
geeSportz
3:02 Loom
11:13 Feudal Age
16:06 Castle Age
14:20 Double-Bit Axe
14:27 Horse Collar
18:52 Bow Saw
19:43 Heavy Plow
22:24 Wheelbarrow
23:40 Scale Barding Armor
23:46 Forging
23:41 Husbandry
25:08 Bloodlines
26:13 Chain Barding Armor
28:30 Gold Mining
28:31 Stone Mining
30:39 Iron Casting
29:55 Fletching
30:28 Ballistics
30:04 Murder Holes
29:34 Light Cavalry
34:27 Imperial Age
32:52 Town Watch
33:23 Hand Cart
33:14 Bodkin Arrow
34:34 Padded Archer Armor
34:40 Town Patrol
34:26 Cavalier
37:08 Plate Barding Armor
37:34 Blast Furnace
35:58 Savar
39:32 Hussar
43:59 Conscription
Connection lost

Rejoining the realm…

Still unreachable

The connection could not be restored.

Session expired

The server has moved on; the page needs a fresh start.